 Dungeon Crawl Stone Soup version 0.25-a0-591-g2ad0d861f1 (webtiles) character file.

Game seed: 4753970834623958239, levelgen mode: deterministic

288 Linuka the Chopper (level 6, -4/47 HPs)
             Began as a Demonspawn Fighter on Mar 13, 2020.
             Was an Initiate of Qazlal.
             Killed from afar by an orc wizard (5 damage)
             ... with a puff of flame
             ... on level 4 of the Dungeon.
             The game lasted 00:09:32 (3943 turns).

Linuka the Chopper (Demonspawn Fighter)             Turns: 3943, Time: 00:09:33

Health: -4/47      AC:  8    Str: 18    XL:     6   Next: 9%
Magic:  6/6        EV:  7    Int: 10    God:    Qazlal [......]
Gold:   241        SH:  8    Dex: 12    Spells: 5/5 levels left

rFire    + . .     SeeInvis .   a - +0 war axe
rCold    x . .     Gourm    .   c - +0 kite shield
rNeg     . . .     Faith    .   b - +0 scale mail
rPois    .         Spirit   .   (helmet restricted)
rElec    .         Reflect  .   i - +0 cloak
rCorr    +         Harm     .   u - +0 pair of gloves
MR       .....                  (no boots)
Stlth    ..........             (no amulet)
HPRegen  0.15/turn              r - ring of fire {rF+, rC-}
MPRegen  0.10/turn              C - ring of resist corrosion

@: stab
A: antennae 2, claws 1, hooves 1
a: Renounce Religion


You were on level 4 of the Dungeon.
You worshipped Qazlal.
Qazlal was noncommittal.
You were hungry.

You visited 2 branches of the dungeon, and saw 5 of its levels.

You collected 241 gold pieces.

Inventory:

Hand Weapons
 a - a +0 war axe (weapon)
Missiles
 Q - 185 stones (quivered)
Armour
 b - a +0 scale mail (worn)
 c - a +0 kite shield (worn)
 i - a +0 cloak (worn)
 u - a +0 pair of gloves (worn)
Jewellery
 r - a ring of fire (left hand) {rF+, rC-}
 C - a ring of resist corrosion (right hand)
Scrolls
 e - 2 scrolls of enchant weapon {unknown}
 h - 2 scrolls of amnesia {unknown}
 j - 3 scrolls of teleportation {unknown}
 k - 6 scrolls of identify {unknown}
 l - 3 scrolls of remove curse {unknown}
 q - a scroll of blinking {unknown}
 v - a scroll of immolation {unknown}
 w - 2 scrolls of magic mapping {unknown}
 x - a scroll of noise {unknown}
Potions
 d - a potion of might
 g - a potion of heal wounds {unknown}
 m - 2 potions of haste {unknown}
 n - a potion of ambrosia {unknown}
 o - a potion of stabbing
 p - a potion of magic {unknown}
 s - a potion of curing {unknown}
 t - a potion of berserk rage {unknown}
 z - a potion of invisibility {unknown}
Comestibles
 f - 7 rations


   Skills:
 - Level 3.0 Fighting
 * Level 5.9 Axes
 - Level 2.6 Armour
 - Level 2.6 Shields


You had 5 spell levels left.
You didn't know any spells.
Your spell library was empty.

Dungeon Overview and Level Annotations

Branches:
Dungeon (4/15)             Temple (1/1) D:4

Altars:
Ashenzari
Cheibriados
Dithmenos
Elyvilon
Fedhas
Gozag
Hepliaklqana
Kikubaaqudgha
Makhleb
Nemelex Xobeh
Okawaru
Qazlal
Ru
Sif Muna
Trog
Uskayaw
Vehumet
Xom
Yredelemnul
Zin


Innate Abilities, Weirdness & Mutations

You have a pair of antennae on your head.
You have sharp fingernails.
You have large cloven feet.


Message History

The puff of frost hits you!
You feel a terrible chill!
* * * LOW HITPOINT WARNING * * *
You block the orc's attack.
An orc comes into view. It is wielding a -2 short sword.
You block something's attack.
You take 12 damage, and have 1/47 hp.
MASSIVE DAMAGE!!
Quiver which item? (- for none, * to show all) (? for menu, Esc to quit)
Okay, then.
Quiver which item? (- for none, * to show all) (? for menu, Esc to quit)
Okay, then.
It was a potion of stabbing.
You feel ready to backstab.
The orc shouts!
You block the orc's attack.
You hear some strange, mumbled words.
A puff of flame appears from out of thin air!
The puff of flame hits you. You resist.
You die...

## # .#. ##.#. #..o
#.# #..# .. #.# #..#
#.# #.# #{o# .. #.#
#@.# #+###.###
#.###..# ........#
#.#....# ........#
#.#.#..#
........####.#.#..#.#
...................>#
........##.#.########
........##.#........
######.###.#########


You could see 2 orcs.

Levels and vault maps discovered:
D:1:      saegor_arrival_miasma, layout_rooms, minmay_misc_feat_diagonals
D:2:      layout_loops_cross
D:3:      layout_loops_ring, chequers_ecumenical_altar_simple_redux,
          first_ration
D:4:      layout_basic, minmay_temple_entry_glass, grunt_gozag_statues
Temple:   regret_index_temple_chain_breaker

Notes
Turn   | Place    | Note
-------+----------+-------------------------------------------
     0 | D:1      | Linuka the Demonspawn Fighter began the quest for the Orb.
     0 | D:1      | Reached XP level 1. HP: 18/18 MP: 1/1
    13 | D:1      | Reached skill level 2 in Axes
    31 | D:1      | Gained mutation: You have a pair of small antennae on your
                  | head. [demonic ancestry]
    31 | D:1      | Reached XP level 2. HP: 15/24 MP: 2/2
   156 | D:1      | Identified a +0 short sword
   235 | D:1      | Identified a +0 cloak (You found it on level 1 of the
                  | Dungeon)
   260 | D:1      | Identified a +0 club
   337 | D:1      | Reached skill level 3 in Axes
   377 | D:1      | Identified a +0 club
   405 | D:1      | Reached XP level 3. HP: 29/29 MP: 3/3
   485 | D:1      | Identified a +0 club
   485 | D:1      | Identified a +0 club
   607 | D:1      | Identified a +0 club
  1263 | D:2      | Identified a +0 club
  1263 | D:2      | Identified a +0 robe
  1306 | D:2      | Identified a cursed +0 club
  1306 | D:2      | Identified a +0 club
  1312 | D:2      | Gained mutation: You have a pair of antennae on your head.
                  | [demonic ancestry]
  1312 | D:2      | Reached XP level 4. HP: 32/35 MP: 4/4
  1312 | D:2      | Reached skill level 4 in Axes
  1400 | D:2      | HP: 8/35 [poisoned by an adder]
  1407 | D:2      | HP: 7/35 [poisoned by an adder]
  1415 | D:2      | HP: 6/35 [poisoned by an adder]
  1753 | D:2      | HP: 8/35 [poisoned by an adder]
  1760 | D:2      | HP: 6/35 [poisoned by an adder]
  1766 | D:2      | HP: 4/35 [poisoned by an adder]
  1774 | D:2      | HP: 3/35 [poisoned by an adder]
  2128 | D:2      | Identified a +0 pair of gloves (You found it on level 2 of
                  | the Dungeon)
  2128 | D:2      | Identified a ring of fire (You found it on level 2 of the
                  | Dungeon)
  2130 | D:2      | Identified a +0 dagger
  2516 | D:3      | Identified a +0 hunting sling
  2659 | D:3      | Identified a +0 flail
  2659 | D:3      | Identified a +0 leather armour
  2659 | D:3      | Identified a +0 dagger
  2660 | D:3      | Identified a +0 dagger
  2660 | D:3      | Identified a +0 robe
  2668 | D:3      | Gained mutation: You have sharp fingernails. [demonic
                  | ancestry]
  2668 | D:3      | Reached XP level 5. HP: 39/41 MP: 5/5
  2672 | D:3      | Identified a +0 club
  2724 | D:3      | Reached skill level 5 in Axes
  2727 | D:3      | Identified a +0 flail
  2727 | D:3      | Identified a +0 morningstar
  2727 | D:3      | Identified a +0 ring mail
  2728 | D:3      | Identified a +0 club
  2752 | D:3      | Identified a +3 spear
  2752 | D:3      | Identified a +0 hunting sling
  2752 | D:3      | Identified a +0 leather armour
  2888 | D:3      | Found a faded altar of an unknown god.
  3042 | D:3      | Identified a cursed -1 robe
  3385 | D:4      | Found a staircase to the Ecumenical Temple.
  3398 | D:4      | Gained mutation: You have large cloven feet. [demonic
                  | ancestry]
  3398 | D:4      | Reached XP level 6. HP: 34/47 MP: 6/6
  3407 | Temple   | Entered the Ecumenical Temple
  3596 | Temple   | Became a worshipper of Qazlal Stormbringer
  3689 | D:4      | Identified a ring of resist corrosion (You found it on
                  | level 4 of the Dungeon)
  3825 | D:4      | Identified a +0 flail
  3929 | D:4      | Identified a +0 club
  3929 | D:4      | Identified a +0 club
  3929 | D:4      | Identified a +0 ring mail
  3929 | D:4      | Identified a +0 flail
  3930 | D:4      | Identified a +0 dagger
  3930 | D:4      | Identified a +0 robe
  3942 | D:4      | HP: 1/47 [something/puff of frost (12)]
  3942 | D:4      | Identified a cursed -2 short sword
  3943 | D:4      | Identified 2 potions of stabbing
  3943 | D:4      | Killed from afar by an orc wizard

Table legend:
 A = Turns spent in this place as a percentage of turns spent in the entire game.
 B = Non-inter-level travel turns spent in this place as a percentage of non-inter-level travel turns spent in the entire game.
 C = Inter-level travel turns spent in this place as a percentage of turns spent in this place.
 D = Turns resting spent in this place as a percentage of non-inter-level travel turns spent in this place.
 E = Turns spent auto-exploring this place as a percentage of non-inter-level travel turns spent in this place.
 F = Non-inter-level travel turns spent in this place divided by the number of levels of this place that you've seen.
                   A       B       C       D       E      F
               +-------+-------+-------+-------+-------+----------------------
         Total | 100.0 | 100.0 |   2.8 |   7.8 |  78.5 | 766.4
       Dungeon |  93.2 |  93.4 |   2.6 |   8.4 |  77.2 | 895.0
        Temple |   6.8 |   6.6 |   5.6 |   0.0 |  97.2 | 252.0
               +-------+-------+-------+-------+-------+----------------------

Table legend:
 A = Kills in this place as a percentage of kills in entire the game.
 B = Kills by you in this place as a percentage of kills by you in the entire game.
 C = Kills by friends in this place as a percentage of kills by friends in the entire game.
 D = Other kills in this place as a percentage of other kills in the entire game.
 E = Experience gained in this place as a percentage of experience gained in the entire game.
 F = Experience gained in this place divided by the number of levels of this place that you have seen.
                   A       B       C       D       E      F
               +-------+-------+-------+-------+-------+----------------------
         Total | 100.0 | 100.0 |   N/A |   N/A | 100.0 |  82.4
       Dungeon | 100.0 | 100.0 |   N/A |   N/A | 100.0 | 103.0
               +-------+-------+-------+-------+-------+----------------------

Skill      XL: |  1  2  3  4  5 |
---------------+----------------+-----
Axes           | 2 3 4 5 |  5.9
Fighting       | |  3.0
Armour         | |  2.6
Shields        | |  2.6

Action                   |  1- 3 |  4- 6 || total
-------------------------+-------+-------++-------
Melee: War axe           |   115 |   141 ||   256
       Kick              |       |     4 ||     4
  Use: Potion            |       |     1 ||     1
  Eat: Chunk             |     1 |     8 ||     9
Armor: Scale mail        |    49 |    53 ||   102
Dodge: Dodged            |    48 |    40 ||    88
Block: Kite shield       |    72 |    62 ||   134

Vanquished Creatures
  A scorpion (D:4)
  An orc priest (D:3)
  An orc wizard (D:3)
  7 adders
  2 oozes
  6 worms
  5 dart slugs (D:1)
  12 orcs
  2 giant cockroaches
  4 goblins
  5 hobgoblins
  5 jackals
  4 kobolds
  A ball python (D:2)
  12 bats
  3 frilled lizards
  A quokka skeleton (D:4)
  5 rats
77 creatures vanquished.
